AoeStats
← Adrianca019

Arena

509354969Analyzed
4v4 RM · 5d ago on Sep 26, 2026· 51m 32s· 8 players
Game mode
Random Map
Map size
Large (8 player)
Population
200
Speed
Normal
Resources
Standard
Victory
Conquest
Starting age
Dark Age
Ending age
Imperial Age
RankedLock teamsTeams togetherTeam positionsShared explorationLock speedFull tech treeHidden civsTurbo modeCheats
Victory
Defeat
🇦🇷 Chinese · Argentina
831
+16
🇦🇷 Huns · Argentina
773
+18
🇨🇳 Persians · China
748
+19
🇦🇷 Shu · Argentina
727
+20
🇩🇪 Malians · Germany
831
-19
🇮🇳 Khmer · India
823
-31
🇹🇷 Franks · Türkiye
808
-18
🇨🇳 Persians · China
808
-18
Adrianca019
12:04 Feudal Age
12:37 Horse Collar
12:43 Double-Bit Axe
14:15 Loom
18:50 Castle Age
17:31 Gold Mining
17:34 Stone Mining
19:42 Bow Saw
20:22 Gold Shaft Mining
19:49 Heavy Plow
27:23 Thumb Ring
30:00 Scale Barding Armor
31:37 Wheelbarrow
32:46 Chain Barding Armor
33:12 Caravan
35:46 Imperial Age
33:12 Fletching
33:24 Padded Archer Armor
33:59 Hand Cart
34:06 Bodkin Arrow
35:50 Town Watch
36:25 Leather Archer Armor
36:22 Husbandry
36:36 Bloodlines
36:00 Heavy Cavalry Archer
37:06 Parthian Tactics
38:20 Chemistry
37:41 Ballistics
37:32 Masonry
38:00 Plate Barding Armor
37:27 Bracer
37:39 Guilds
39:12 Two-Man Saw
37:41 Cavalier
37:57 Capped Ram
40:38 Scale Mail Armor
40:48 Forging
41:11 Coinage
40:25 Paladin
40:31 Paladin
42:11 Siege Ram
48:29 Banking
50:31 Conscription
50:14 Marauders
50:35 Atheism
49:36 Elite Tarkan
AlandorH
9:33 Loom
11:22 Feudal Age
11:28 Loom
13:21 Double-Bit Axe
19:23 Castle Age
19:40 Stone Mining
19:44 Gold Mining
19:39 Horse Collar
21:53 Squires
26:58 Town Watch
27:28 Crossbowman
29:13 Fletching
29:26 Padded Archer Armor
31:11 Wheelbarrow
32:34 Bodkin Arrow
34:31 Treadmill Crane
38:36 Imperial Age
36:35 Bow Saw
37:22 Thumb Ring
37:36 Leather Archer Armor
39:01 Heavy Plow
40:52 Masonry
41:51 Hand Cart
42:30 Conscription
42:35 Arbalester
44:27 Chemistry
43:54 Caravan
43:58 Bracer
44:29 Ring Archer Armor
45:42 Gold Shaft Mining
46:20 Two-Man Saw
45:35 Guilds
46:10 Conscription
47:09 Ballistics
48:05 Siege Engineers
GerAoe
0:30 Loom
9:38 Feudal Age
16:15 Castle Age
15:02 Stone Mining
15:08 Fletching
15:21 Padded Archer Armor
27:28 Squires
28:20 Wheelbarrow
29:56 Horse Collar
31:49 Hand Cart
32:06 Gold Mining
33:48 Heavy Plow
33:35 Double-Bit Axe
37:19 Imperial Age
34:50 Bodkin Arrow
35:12 Leather Archer Armor
36:08 Thumb Ring
38:29 Bracer
39:00 Ring Archer Armor
40:07 Chemistry
39:03 Murder Holes
39:29 Ballistics
41:37 Rocketry
46:09 Heavy Rocket Cart
战鹰
1:31 Loom
2:17 Loom
10:12 Feudal Age
10:36 Double-Bit Axe
10:34 Horse Collar
14:37 Gold Mining
17:40 Stone Mining
20:14 Castle Age
19:19 Stone Mining
21:27 Bow Saw
21:20 Heavy Plow
21:58 Gold Shaft Mining
22:01 Stone Shaft Mining
26:12 Bloodlines
26:02 Husbandry
29:42 Caravan
34:52 Imperial Age
34:15 Wheelbarrow
33:27 Town Watch
34:24 Kamandaran
35:37 Conscription
35:34 Citadels
36:58 Chemistry
36:12 Masonry
36:27 Ballistics
36:03 Murder Holes
36:09 Elite War Elephant
37:38 Scale Barding Armor
37:45 Forging
38:49 Two-Man Saw
38:49 Crop Rotation
39:42 Hand Cart
40:26 Architecture
41:21 Crossbowman
42:10 Thumb Ring
42:50 Hoardings
45:51 Iron Casting
45:19 Padded Archer Armor
45:42 Chain Barding Armor
45:15 Fletching
David Ygra
4:03 Loom
11:11 Feudal Age
11:56 Double-Bit Axe
11:55 Horse Collar
14:18 Wheelbarrow
20:30 Castle Age
20:36 Elite Skirmisher
21:27 Town Watch
22:08 Stone Mining
22:11 Gold Mining
23:08 Fletching
23:19 Padded Archer Armor
29:40 Bow Saw
30:07 Gold Shaft Mining
30:14 Stone Shaft Mining
32:38 Leather Archer Armor
32:19 Bodkin Arrow
32:49 Heavy Plow
37:05 Imperial Age
36:07 Forging
36:03 Scale Barding Armor
39:00 Conscription
38:42 Tigui
40:16 Heavy Cavalry Archer
42:55 Hoardings
43:28 Thumb Ring
45:18 Ring Archer Armor
45:25 Iron Casting
44:32 Pikeman
45:12 Squires
47:32 Scale Mail Armor
48:46 Chain Mail Armor
49:37 Block Printing
49:33 Fervor
49:44 Sanctity
Jiro
0:29 Loom
10:22 Feudal Age
10:59 Double-Bit Axe
12:44 Wheelbarrow
11:55 Town Watch
15:06 Gold Mining
17:29 Stone Mining
20:33 Castle Age
22:19 Hand Cart
22:41 Gold Shaft Mining
23:43 Town Patrol
23:58 Bow Saw
29:12 Murder Holes
29:43 Treadmill Crane
33:24 Fortified Wall
33:25 Masonry
33:37 Ballistics
33:13 Elite Skirmisher
37:44 Imperial Age
35:43 Scale Mail Armor
36:12 Husbandry
37:10 Pikeman
37:51 Squires
37:17 Light Cavalry
38:01 Halberdier
38:45 Arrowslits
41:31 Chemistry
41:02 Architecture
40:42 Siege Engineers
43:21 Cavalier
45:28 Arson
46:19 Paladin
观月
0:47 Loom
13:28 Feudal Age
18:10 Castle Age
22:16 Gold Mining
NovelAcorn8809
2:34 Loom
14:44 Feudal Age
16:11 Wheelbarrow
20:18 Castle Age
26:26 Imperial Age
24:19 Elite Skirmisher
27:47 Imperial Age
27:15 Husbandry
27:30 Bloodlines
27:38 Scale Mail Armor
27:49 Forging
27:30 Fletching
27:41 Padded Archer Armor
27:46 Scale Barding Armor
30:06 Hand Cart
Connection lost

Rejoining the realm…

Still unreachable

The connection could not be restored.

Session expired

The server has moved on; the page needs a fresh start.